 Dungeon Crawl Stone Soup version 0.21.1-1-g345015fe64 (webtiles) character file.

137 3rdEnemy the Shooter (level 5, 0/44 HPs)
             Began as a Centaur Hunter on July 21, 2018.
             Slain by a bat (1 damage)
             ... on level 3 of the Dungeon.
             The game lasted 00:04:46 (1786 turns).

3rdEnemy the Shooter (Centaur Hunter)               Turns: 1786, Time: 00:04:47

Health: 0/44       AC:  5    Str: 16    XL:     5   Next: 0%
Magic:  5/5        EV:  9    Int: 10    God:
Gold:   163        SH:  0    Dex:  9    Spells: 4/4 levels left

rFire    + . .     SeeInvis .   a - +0 short sword
rCold    . . .     Gourm    .   (no shield)
rNeg     . . .     Faith    .   m - +0 ring mail
rPois    .         Spirit   .   (no helmet)
rElec    .         Reflect  .   (no cloak)
rCorr    .         Harm     +   (no gloves)
MR       .....                  (no barding)
Stlth    ..........             o - amulet of harm
HPRegen  0.14/turn              h - ring of protection from fire
MPRegen  0.09/turn              (no ring)

@: very quick
A: large, hooves 3, deformed body, speed 2, tough skin 3
a: no special abilities


You were on level 3 of the Dungeon.
You were not hungry.

You visited 1 branch of the dungeon, and saw 3 of its levels.

You collected 163 gold pieces.

Inventory:

Hand Weapons
 a - a +0 short sword (weapon)
 b - a +1 shortbow
 j - a +0 hunting sling
Missiles
 d - 20 arrows
 l - 104 stones (quivered)
Armour
 m - a +0 ring mail (worn)
Jewellery
 h - a ring of protection from fire (left hand)
 o - an amulet of harm (around neck)
Scrolls
 c - 3 scrolls of magic mapping {unknown}
 e - 2 scrolls of enchant weapon {unknown}
 i - a scroll of immolation {unknown}
 k - 2 scrolls of identify {unknown}
 n - 4 scrolls of fear {unknown}
 p - a scroll of teleportation {unknown}
 s - 3 scrolls of blinking {unknown}
 t - a scroll of amnesia {unknown}
Potions
 g - 2 potions of heal wounds {unknown}
 q - a potion of haste {unknown}
Comestibles
 f - 3 rations
 r - 2 chunks of flesh


   Skills:
 + Level 2.9 Fighting
 * Level 6.7 Bows
 + Level 1.3 Armour
 - Level 2.0 Dodging
 - Level 0.5 Stealth


You had 4 spell levels left.
You didn't know any spells.

Dungeon Overview and Level Annotations

Branches:
Dungeon (3/15)

Altars:
The Shining One


Innate Abilities, Weirdness & Mutations

You have hooves in place of feet.
Armour fits poorly on your strangely shaped body.
You cover ground very quickly.
You have extremely tough skin. (AC +3)


Message History

You closely miss Jessica.
Jessica is almost dead.
The bat hits you but does no damage. x2
Jessica points at you and mumbles some strange words.
Pain shoots through your body!
You closely miss Jessica.
Jessica is almost dead.
The bat hits you but does no damage. x2
Jessica points at you and mumbles some strange words.
Pain shoots through your body!
* * * LOW HITPOINT WARNING * * *
The bat closely misses you. The bat barely misses you.
Jessica closely misses you.
You hit Jessica.
You kill Jessica!
You have reached level 5!
The bat hits you.
* * * LOW HITPOINT WARNING * * *
The bat hits you.
You die...

.#######..)........
.............######
.#.####.##.#.# .#.#
#.##.#.# ...####.##.#.#
........##.#(# ###
.######.##.#.###.##
.######.##.#.##...###.#.
................@[o.....
.######..........b.o....
........##............##
#######################


You could see 2 orcs and a bat.

Vanquished Creatures
  Jessica (D:3)
  5 adders (D:2)
  An ooze (D:2)
  3 worms
  A dart slug (D:1)
  4 leopard geckos
  An orc (D:3)
  A ball python (D:1)
  7 bats
  7 hobgoblins
  A quokka (D:2)
  3 frilled lizards
  6 goblins
  3 kobolds
  5 rats
49 creatures vanquished.

Notes
Turn   | Place    | Note
-------+----------+-------------------------------------------
     0 | D:1      | 3rdEnemy the Centaur Hunter began the quest for the Orb.
     0 | D:1      | Reached XP level 1. HP: 17/17 MP: 1/1
   171 | D:1      | Reached XP level 2. HP: 17/24 MP: 2/2
   613 | D:2      | Reached XP level 3. HP: 30/30 MP: 3/3
   714 | D:2      | Reached skill level 6 in Bows
   720 | D:2      | Found a glowing golden altar of the Shining One.
   838 | D:2      | Reached skill level 1 in Armour
   862 | D:2      | Reached XP level 4. HP: 27/37 MP: 4/4
  1775 | D:3      | Noticed Jessica
  1785 | D:3      | HP: 1/37 [Jessica/nerve-wracking pain (15)]
  1786 | D:3      | Killed Jessica
  1786 | D:3      | Reached XP level 5. HP: 2/44 MP: 5/5
  1786 | D:3      | Slain by a bat

Skill      XL: |  1  2  3  4 |
---------------+-------------+-----
Bows           | 6 |  6.7
Armour         | 1 |  1.3
Dodging        | 2 |  2.0
Fighting       | |  2.9
Stealth        | |  0.5

Action                   |  1- 3 |  4- 6 || total
-------------------------+-------+-------++-------
Melee: Short sword       |    91 |    71 ||   162
       Kick              |    17 |    15 ||    32
  Use: Potion            |     4 |       ||     4
  Eat: Chunk             |       |     2 ||     2
Armor: Leather armour    |    15 |       ||    15
       Ring mail         |    45 |    39 ||    84
Dodge: Dodged            |    46 |    39 ||    85
